 Dungeon Crawl Stone Soup version 0.26-a0-1181-gd376ed14c5 (webtiles) character file.

Game seed: 10957420826767216987

367 sanka the Covert (level 6, -5/28 HPs)
             Began as a Spriggan Enchanter on Dec 26, 2020.
             Slain by Dracia's ghost (12 damage)
             ... on level 3 of the Dungeon.
             The game lasted 00:08:45 (7582 turns).

sanka the Covert (Spriggan Enchanter)               Turns: 7582, Time: 00:08:45

Health: -5/28      AC:  2    Str:  3 (4)  XL:     6   Next: 41%
Magic:  2/11       EV: 18    Int: 14 (16) God:
Gold:   187        SH:  0    Dex: 18 (19) Spells: 2/11 levels left

rFire    . . .     SeeInvis +   a - +0 dagger (venom)
rCold    . . .     Faith    .   (shield restricted)
rNeg     + . .     Spirit   .   b - +0 robe
rPois    .         Reflect  .   (helmet restricted)
rElec    .         Harm     .   (no cloak)
rCorr    .         Rampage  .   (gloves unavailable)
Will     +....                  (boots unavailable)
Stlth    ++++......             (no amulet)
HPRegen  0.09/turn              (no ring)
MPRegen  0.12/turn              i - ring of positive energy

@: confusing touch, very quick
A: very small, unfitting armour, see invisible, speed 3
a: no special abilities


You were on level 3 of the Dungeon.
You visited 1 branch of the dungeon, and saw 3 of its levels.

You collected 187 gold pieces.


Innate Abilities, Weirdness & Mutations

You are very small and have problems with some larger weapons.
You are too small for most types of armour.
You have supernaturally acute eyesight. (SInv)
You cover ground extremely quickly.


   Skills:
 - Level 5.0 Short Blades
 - Level 3.0 Dodging
 - Level 8.0 Stealth
 - Level 3.0 Spellcasting
 + Level 4.3 Hexes


You had 2 spell levels left.
You knew the following spells:

 Your Spells              Type           Power        Failure   Level
x - Tukima's Dance        Hex            14%          11%         3
z - Ensorcelled Hibernat  Hex/Ice        16%          13%         2
X - Confusing Touch       Hex            14%          11%         3
Z - Corona                Hex            15%          3%          1

Your spell library contained the following spells:

 Spells                   Type           Power        Failure   Level
 Dazzling Flash           Conj/Hex       16%          26%         3

Inventory:

Hand Weapons
 a - a +0 dagger of venom (weapon)
 m - a +1 dagger
Armour
 b - a +0 robe (worn)
Jewellery
 i - a ring of positive energy (right hand)
Scrolls
 c - 2 scrolls of teleportation {unknown}
 f - 2 scrolls of identify {unknown}
 g - a scroll of enchant weapon {unknown}
 h - 3 scrolls of remove curse {unknown}
 j - a scroll of blinking {unknown}
 k - a scroll of immolation {unknown}
Potions
 d - a potion of degeneration {!q}
 e - a potion of attraction {unknown}
 l - a potion of brilliance {unknown}
 n - a potion of mutation {unknown}
 o - a potion of lignification {unknown}

Dungeon Overview and Level Annotations

Branches:
Dungeon (3/15)

Altars:
Ashenzari
Elyvilon
Nemelex Xobeh
Wu Jian

Annotations:
D:3 Dracia's ghost, amateur DsFi

▒.▒ ▒.▒ ▒)▒ ▒.▒.▒ ▒.▒ ▒.▒
▒.▒▒▒.▒.▒
▒▒▒▒▒▒▒▒▒▒▒▒▒▒▒▒▒▒▒▒▒▒▒▒▒...▒.▒
.8.8.8.♣.♣.♣.♣.♣.8.8.8.8....▒.▒
.............)................▒▒▒
.8.8.♣.♣.8.8.8.8.♣.♣.8.♣.▒......▒
▒▒▒▒▒▒▒▒▒▒▒▒▒▒▒▒▒▒▒▒▒▒▒▒▒▒▒▒▒▒▒.▒
▒.....▒ ▒▒▒.▒..▒ ▒.▒ ▒▒....▒
▒.i.▒..▒ ▒<▒ ▒▒▒▒▒▒.▒.▒▒
▒W▒▒▒..▒▒▒▒▒ ▒.▒
Z..W.▒....▒▒▒▒▒.▒▒▒..▒...▒▒▒▒▒▒.▒
▒▒▒▒............................▒
▒.▒▒...▒▒▒▒▒.▒........▒▒▒▒▒..▒
▒.▒▒▒..............▒▒▒▒ ▒..▒ ▒.▒
▒▒▒▒▒▒▒▒.▒......▒▒▒▒▒▒▒..▒ ▒.▒
▒.▒......▒........▒ ▒.▒
▒.▒▒▒▒▒▒.▒.▒▒▒▒▒.▒▒


You could see Dracia's ghost.


Message History

Dracia's ghost hits you!
You hit Dracia's ghost.
Dracia's ghost is lightly damaged.
The howler monkey simulacrum hits you.
The howler monkey simulacrum freezes you.
* * * LOW HITPOINT WARNING * * *
You hit Dracia's ghost.
Dracia's ghost is lightly damaged.
It was a potion of degeneration.
There was something very wrong with that liquid.
You feel weakened.
You feel dopey.
You feel clumsy.
You hit the howler monkey simulacrum.
The howler monkey simulacrum vapourises!
Really walk into that cloud of freezing vapour?
Okay, then.
Dracia's ghost seems less confused.
The spell is quite dangerous to cast (11% risk of failure)!
Continue anyway?
Your hands begin to glow red.
You hit Dracia's ghost but do no damage.
Dracia's ghost is lightly damaged.
You hit Dracia's ghost but do no damage.
Dracia's ghost is lightly damaged.
Dracia's ghost hits you.
* * * LOW HITPOINT WARNING * * *
You hit Dracia's ghost but do no damage.
Dracia's ghost is lightly damaged.
Dracia's ghost hits you!
You die...

Action                   |  1- 3 |  4- 6 || total
-------------------------+-------+-------++-------
Melee: Dagger            |    41 |    88 ||   129
 Cast: Corona            |     2 |       ||     2
       Ensorcelled Hiber |    12 |    70 ||    82
       Confusing Touch   |       |     4 ||     4
  Use: Potion            |       |     1 ||     1
 Stab: Sleeping          |    17 |    36 ||    53
       Distracted        |       |     1 ||     1
       Confused          |       |     2 ||     2
Armor: Robe              |     4 |     4 ||     8
Dodge: Dodged            |    19 |    72 ||    91

Levels and vault maps discovered:
D:1:      grunt_arrival_lava_bath, layout_basic
D:2:      cheibrodos_pilgrimage, layout_loops_ring,
          chequers_temple_overflow_statue_of_worship
D:3:      layout_loops_ring, nzn_wu_jian_council_hall, gammafunk_ghost_icy,
          chequers_avenue, hangedman_decor_peaks_small,
          minmay_tree_intersection, palyth_stone_intersect, uniq_natasha

Notes
Turn   | Place    | Note
-------+----------+-------------------------------------------
     0 | D:1      | sanka the Spriggan Enchanter began the quest for the Orb.
     0 | D:1      | Reached XP level 1. HP: 9/9 MP: 5/5
   364 | D:1      | Reached skill level 5 in Stealth
   396 | D:1      | Reached XP level 2. HP: 13/13 MP: 6/6
   399 | D:1      | Learned a level 2 spell: Ensorcelled Hibernation
   591 | D:1      | Reached skill level 6 in Stealth
   892 | D:2      | Reached XP level 3. HP: 16/16 MP: 8/8
   978 | D:2      | Found a broken altar of Ashenzari.
   980 | D:2      | Found a sparkling altar of Nemelex Xobeh.
   980 | D:2      | Found a white marble altar of Elyvilon.
  1121 | D:2      | Reached skill level 7 in Stealth
  1121 | D:2      | Reached XP level 4. HP: 21/21 MP: 6/9
  2021 | D:1      | Reached skill level 8 in Stealth
  2098 | D:2      | Reached skill level 2 in Short Blades
  2247 | D:2      | Reached XP level 5. HP: 24/24 MP: 5/10
  2430 | D:2      | Reached skill level 3 in Short Blades
  3468 | D:2      | Found a broken altar of Ashenzari.
  3469 | D:2      | Found a white marble altar of Elyvilon.
  3470 | D:2      | Found a sparkling altar of Nemelex Xobeh.
  4337 | D:2      | Found a sparkling altar of Nemelex Xobeh.
  4337 | D:2      | Found a broken altar of Ashenzari.
  4338 | D:2      | Found a white marble altar of Elyvilon.
  4709 | D:2      | Found a sparkling altar of Nemelex Xobeh.
  4709 | D:2      | Found a broken altar of Ashenzari.
  4710 | D:2      | Found a white marble altar of Elyvilon.
  4917 | D:3      | Reached skill level 4 in Short Blades
  5255 | D:3      | Found a runed translucent gate.
  5255 | D:3      | Found a runed translucent gate.
  5255 | D:3      | Found a runed translucent gate.
  5287 | D:3      | Noticed Dracia's ghost (amateur DsFi)
  5490 | D:3      | Noticed Natasha
  5495 | D:3      | Reached XP level 6. HP: 17/28 MP: 2/11
  5979 | D:3      | Found an ornate altar of the Wu Jian Council.
  6068 | D:3      | Found a runed translucent gate.
  6068 | D:3      | Found a runed translucent gate.
  6068 | D:3      | Found a runed translucent gate.
  6293 | D:3      | Killed Natasha
  6294 | D:3      | Reached skill level 5 in Short Blades
  6298 | D:3      | Learned a level 3 spell: Confusing Touch
  6302 | D:3      | Learned a level 3 spell: Tukima's Dance
  6523 | D:3      | Noticed Natasha
  6527 | D:3      | Killed Natasha
  6528 | D:3      | Reached skill level 3 in Spellcasting
  6629 | D:3      | Found an ornate altar of the Wu Jian Council.
  6737 | D:3      | Found a runed translucent gate.
  6737 | D:3      | Found a runed translucent gate.
  6737 | D:3      | Found a runed translucent gate.
  6961 | D:3      | Noticed Natasha
  6972 | D:3      | Killed Natasha
  6973 | D:3      | Reached skill level 4 in Hexes
  7105 | D:3      | Found an ornate altar of the Wu Jian Council.
  7582 | D:3      | Slain by Dracia's ghost

Vanquished Creatures
  An orc priest (D:2)
  3 orc wizards
  Natasha (thrice) (D:3)
  A worker ant (D:3)
  5 gnolls
  4 adders
  A white imp (D:3)
  A howler monkey simulacrum (D:3)
  An ooze (D:2)
  A worm (D:2)
  2 dart slugs
  An adder simulacrum (D:3)
  2 leopard geckos
  6 orcs
  3 giant cockroaches
  4 goblins
  3 hobgoblins
  A quokka (D:2)
  6 bats
  5 frilled lizards
  6 kobolds
  3 rats
63 creatures vanquished.
